 Dungeon Sprint DCSS version 0.27-a0-1139-g28e009f8a6 (webtiles) character file.

Game seed: 14056781551205667391

11 Zeld the Firebug (level 2, 0/17 HPs)
             Began as an Octopode Fire Elementalist on May 7, 2021.
             Was an Initiate of Sif Muna.
             Slain by an iron imp (9 damage)
             ... in the Dungeon (Sprint V: "Ziggurat Sprint").
             The game lasted 00:00:48 (124 turns).

Zeld the Firebug (Octopode Fire Elementalist)        Turns: 124, Time: 00:00:49

Health: 0/17       AC:  1    Str:  7    XL:     2   Next: 25%
Magic:  0/6        EV: 13    Int: 29    God:    Sif Muna [......]
Gold:   0          SH:  0    Dex: 12    Spells: 7/8 levels left

rFire    . . .     SeeInvis .   (no weapon)
rCold    . . .     Faith    .   (no shield)
rNeg     . . .     Spirit   .   (helmet restricted)
rPois    .         Reflect  .   (no amulet)
rElec    .         Harm     .   u - +6 ring of intelligence
rCorr    .         Rampage  .   v - +6 ring of intelligence
Will     .....     NoTele   +   (no ring)
Stlth    +++.......             (no ring)
HPRegen  0.05/turn              (no ring)
MPRegen  0.10/turn              (no ring)
                                (no ring)
                                (no ring)

@: no status effects
A: almost no armour, amphibious, 8 rings, camouflage 1, gelatinous body 1,
(nimble swimmer 1), tentacles
a: Renounce Religion


You were in the Dungeon.
You worshipped Sif Muna.
Sif Muna was noncommittal.
You visited 1 branch

Inventory:

Armour
 a - a +3 tower shield
Jewellery
 u - a +6 ring of intelligence (left tentacle)
 v - a +6 ring of intelligence (right tentacle)
Wands
 z - a wand of mindburst (7)
 A - a wand of iceblast (7)
 B - a wand of acid (7)
Scrolls
 g - 4 scrolls of blinking
 m - 4 scrolls of amnesia
 n - 7 scrolls of fog
 o - a scroll of holy word
 p - 5 scrolls of identify
 q - 2 scrolls of fear
Potions
 b - 10 potions of curing
 c - 10 potions of heal wounds
 d - 6 potions of haste
 e - 7 potions of magic
 f - 3 potions of berserk rage
 h - 2 potions of brilliance
 i - 2 potions of invisibility
 j - 4 potions of resistance
 l - 5 potions of might
Miscellaneous
 y - a lightning rod (2/4)


   Skills:
 + Level 0.1 Fighting
 + Level 2.0 Dodging
 - Level 2.6 Stealth
 + Level 3.9 Spellcasting
 + Level 3.7 Conjurations
 * Level 6.1 Fire Magic
 * Level 0.4 Invocations


You had 7 spell levels left.
You knew the following spells:

 Your Spells              Type           Power      Damage    Failure   Level
a - Foxfire               Conj/Fire      100%       2x1d9     1%          1

Your spell library contained the following spells:

 Spells                   Type           Power      Damage    Failure   Level
 Conjure Flame            Conj/Fire      34%        6-21      2%          3
 Inner Flame              Hex/Fire       23%        N/A       6%          3
 Sticky Flame             Conj/Fire      34%        2d5       10%         4
 Fireball                 Conj/Fire      17%        3d9       26%         5


Dungeon Overview and Level Annotations

Branches:
Dungeon (1/1)

Altars:
Ashenzari
Cheibriados
Dithmenos
Elyvilon
Fedhas
Gozag
Hepliaklqana
Kikubaaqudgha
Makhleb
Nemelex Xobeh
Okawaru
Qazlal
Ru
Sif Muna
Trog
Uskayaw
Vehumet
Wu Jian
Xom
Yredelemnul
Zin
The Shining One
Beogh
Jiyva
Lugonu

Annotations:
D 1 transporter


Innate Abilities, Weirdness & Mutations

You cannot wear most types of armour.
You are amphibious.
You can wear up to eight rings at the same time.
Your skin changes colour to match your surroundings (Stealth+).
Your rubbery body absorbs attacks. (AC +1, EV +1)
((You are camouflaged near water. (Stealth+)))
You have tentacles for arms and can constrict up to eight enemies at once.


Message History

Confirm with . or Enter, or press ? or * to list all spells.
You conjure some foxfire!
The foxfire hits the iron imp.
The iron imp completely resists.
The foxfire hits the iron imp but does no damage.
The iron imp hits you!
Casting: Foxfire (safe; 1% risk of failure)
Confirm with . or Enter, or press ? or * to list all spells.
You don't know that spell.
Okay, then.
Casting: Foxfire (safe; 1% risk of failure)
Confirm with . or Enter, or press ? or * to list all spells.
You conjure some foxfire!
The foxfire hits the iron imp.
The iron imp completely resists.
The foxfire hits the iron imp but does no damage.
Casting: Foxfire (safe; 1% risk of failure)
Confirm with . or Enter, or press ? or * to list all spells.
You don't have enough magic to cast this spell.
Unknown command.
The foxfire hits the iron imp.
The iron imp completely resists.
The foxfire hits the iron imp.
The iron imp completely resists.
The iron imp barely misses you.
Press: ? - help, v - describe, . - travel
Here: an iron imp The floor.
Aiming: Thunderbolt
Press: ? - help, Shift-Dir - straight line, f - iron imp
Aim: an iron imp The thunderbolt hits the iron imp.
The iron imp resists.
The iron imp is moderately wounded.
The iron imp closely misses you.
Unknown command.
Unknown command.
Aiming: Thunderbolt
Press: ? - help, Shift-Dir - straight line, f/p - iron imp
Aim: an iron imp (moderately wounded)
The thunderbolt hits the iron imp.
The iron imp resists.
The iron imp is heavily wounded.
The iron imp hits you!
Ouch! That really hurt!
You die...

▓▓▓▓▓▓▓
▓.8©8.▓
▓.....▓
▓.).}.▓
▓.....▓
▓..5..▓
▓.@©..▓
▓▓▓▓▓▓▓


You could see an iron imp.

Vanquished Creatures
  An adder zombie (D)
1 creature vanquished.

Vanquished Creatures (others)
  12 foxfires (D)
12 creatures vanquished.

Grand Total: 13 creatures vanquished

Notes
Turn   | Place    | Note
-------+----------+-------------------------------------------
     0 | D        | Zeld the Octopode Fire Elementalist began the quest for the
                  | Orb.
     0 | D        | Reached XP level 1. HP: 11/11 MP: 3/3
     2 | D        | Found a blossoming altar of Fedhas.
     3 | D        | Found the +6 Majin-Bo {vamp, MP+6 Int+6}
     3 | D        | Found the +9 heavy crossbow "Sniper" {vorpal, Acc+∞ SInv}
     3 | D        | Found the +10 dark maul {vorpal}
     3 | D        | Found the +15 Maxwell's patent armour {-Cast -Tele rElec
                  | Will+ rCorr}
     3 | D        | Found the +18 shield of the Gong {rElec rN+ Will+ EV-5}
     3 | D        | Found the +14 obsidian axe {vorpal, Drain Fly SInv}
     3 | D        | Found the +7 great mace "Firestarter" {inner flame, rF++}
     3 | D        | Found the +6 shillelagh "Devastator" {shatter}
     3 | D        | Found the +11 plutonium sword {Contam Stlth-}
     3 | D        | Found the +8 lance "Wyrmbane" {slay drac, rPois rF+ rC+
                  | AC+3}
     3 | D        | Found the +9 sword of Zonguldrok {reap}
     3 | D        | Found the +13 scythe of Curses {drain, Drain}
     3 | D        | Found the +5 sword of Power {vorpal}
     3 | D        | Found the +7 mace of Variability {chain chaos}
     3 | D        | Found the +7 Singing Sword {vorpal, sonic wave}
     3 | D        | Found the +8 storm bow {elec, penet}
     6 | D        | Found a shimmering blue altar of Sif Muna.
     6 | D        | Found a sacrificial altar of Ru.
     6 | D        | Found a bloodstained altar of Trog.
     6 | D        | Found a stormy altar of Qazlal.
     6 | D        | Found an iron altar of Okawaru.
     6 | D        | Found a sparkling altar of Nemelex Xobeh.
     8 | D        | Found a transporter.
     8 | D        | Found an ancient bone altar of Kikubaaqudgha.
     8 | D        | Found a viscous altar of Jiyva.
     8 | D        | Found a corrupted altar of Lugonu.
     8 | D        | Found a hazy altar of Hepliaklqana.
     8 | D        | Found a burning altar of Makhleb.
     8 | D        | Found an opulent altar of Gozag.
    49 | D        | Became a worshipper of Sif Muna the Loreminder
    60 | D        | Reached skill level 6 in Fire Magic
    60 | D        | Reached XP level 2. HP: 17/17 MP: 3/6
   115 | D        | Entered arena 2.
   115 | D        | Found a transporter.
   116 | D        | Found the +8 Vampire's Tooth {vamp}
   124 | D        | Slain by an iron imp

Illustrated notes

Levels and vault maps discovered:
D:        sprint_v [room_start, room_1, room_2, room_3, room_4, room_5, room_6,
          room_7, room_8, room_9, room_10, room_11, room_12, room_13, room_14,
          room_15, room_16, room_17, room_18, room_19, room_20, room_21,
          room_22, room_23, room_24, room_25, room_26, room_27]

Skill      XL: |  1 |
---------------+----+-----
Spellcasting   | 3 |  3.9
Conjurations   | 3 |  3.7
Fire Magic     | 6 |  6.1
Fighting       | |  0.1
Dodging        | |  2.0
Stealth        | |  2.6
Invocations    | |  0.4

Action                   || total
-------------------------++-------
 Cast: Foxfire           ||     6
Evoke: Lightning rod     ||     2
  Use: Potion            ||     1
Dodge: Dodged            ||     2

Table legend: (Time is in decaauts)
 A = Elapsed time spent in this place.
 B = Non-inter-level travel time spent in this place.
 C = Inter-level travel time spent in this place.
 D = Time resting spent in this place.
 E = Time spent auto-exploring this place.
 F = Levels seen in this place.
 G = Mean time per level.
                   A        B        C        D        E       F      G
               +--------+--------+--------+--------+--------+-----+--------+
         Total |    123 |    123 |      0 |     42 |     20 |   1 |  123.0 |
       Dungeon |    123 |    123 |      0 |     42 |     20 |   1 |  123.0 |
               +--------+--------+--------+--------+--------+-----+--------+

Top non-repeatable levels by time:
       D: 123 daAuts
